 Dungeon Crawl Stone Soup version 0.26.0-10-g1f06aea511 (webtiles) character file.

Game seed: 9079955327820650930

45 mopl the Sneak (level 3, 0/26 HPs)
             Began as an Octopode Delver on Jan 21, 2021.
             Slain by Crazy Yiuf
             ... wielding a +2 quarterstaff of chaos
              (18 damage)
             ... on level 3 of the Dungeon.
             The game lasted 00:01:43 (573 turns).

mopl the Sneak (Octopode Delver)                     Turns: 573, Time: 00:01:44

Health: 0/26       AC:  1    Str: 11    XL:     3   Next: 64%
Magic:  3/3        EV:  8    Int: 12    God:
Gold:   28         SH: 10    Dex: 14    Spells: 2/2 levels left

rFire    . . .     SeeInvis .   a - +0 long sword
rCold    . . .     Faith    .   j - +0 tower shield
rNeg     . . .     Spirit   .   (helmet restricted)
rPois    .         Reflect  .   (no amulet)
rElec    .         Harm     .   (no ring)
rCorr    .         Rampage  .   (no ring)
Will     .....                  (no ring)
Stlth    +++++.....             (no ring)
HPRegen  0.08/turn              (no ring)
MPRegen  0.08/turn              (no ring)
                                (no ring)
                                (no ring)

@: no status effects
A: almost no armour, stealthy swim, amphibious, 8 rings, constrict 8, camouflage
1, gelatinous body 1
a: no special abilities


You were on level 3 of the Dungeon.
You visited 1 branch of the dungeon, and saw 3 of its levels.

You collected 28 gold pieces.

Inventory:

Hand Weapons
 a - a +0 long sword (weapon)
Missiles
 i - 8 poisoned darts (quivered)
 m - 3 boomerangs
Armour
 j - a +0 tower shield (worn)
Wands
 f - a wand of digging (11)
Scrolls
 b - 3 scrolls of fog
 c - a scroll of magic mapping
 d - a scroll of fear
 g - 4 scrolls of identify {unknown}
Potions
 e - a potion of haste
 h - a potion of flight {unknown}
 k - a potion of magic {unknown}
 l - a potion of might {unknown}


   Skills:
 + Level 3.2 Fighting
 * Level 0.2(1.4) Short Blades
 - Level 2.4 Long Blades
 + Level 2.1 Dodging
 - Level 7.6 Stealth


You had 2 spell levels left.
You didn't know any spells.
Your spell library was empty.

Dungeon Overview and Level Annotations

Branches:
Dungeon (5/15)
 Temple: D:4-7

Altars:

Shops:
D:4 =

Annotations:
D:3 1 runed translucent door, Crazy Yiuf
D:4 Sigmund


Innate Abilities, Weirdness & Mutations

You cannot wear most types of armour.
You are very stealthy in the water. (Stealth+)
You are amphibious.
You can wear up to eight rings at the same time.
You can use your tentacles to constrict eight enemies at once.
Your skin changes colour to match your surroundings (Stealth+).
Your rubbery body absorbs attacks. (AC +1, EV +1)


Message History

No target in view!
There is an escape hatch in the ceiling here.
A mysterious force pulls you upwards. The hatch slams shut behind you.
Crazy Yiuf the Enlightened comes into view.
He is wielding a +2 quarterstaff of chaos.
Found a mace.
Found a runed translucent door.
The helpless Crazy Yiuf fails to defend himself.
You hit Crazy Yiuf. You grab Crazy Yiuf.
Crazy Yiuf is lightly wounded.
You constrict Crazy Yiuf, but do no damage.
Crazy Yiuf waves his quarterstaff at you.
Crazy Yiuf closely misses you.
You riposte.
Your shield prevents you from hitting Crazy Yiuf.
Crazy Yiuf is lightly wounded.
You hit Crazy Yiuf but do no damage.
Crazy Yiuf is lightly wounded.
You constrict Crazy Yiuf.
Crazy Yiuf hits you with a +2 quarterstaff of chaos!
You are electrocuted!!
Ouch! That really hurt!
You die...

#####
#.@.#
#.+..g#
###..)#
#####


You could see Crazy Yiuf.

Vanquished Creatures
  2 hound skeletons
  A howler monkey skeleton (D:5)
  A worm (D:4)
  A dart slug (D:4)
  An orc (D:4)
  A jackal skeleton (D:5)
  A leopard gecko skeleton (D:4)
8 creatures vanquished.

Notes
Turn   | Place    | Note
-------+----------+-------------------------------------------
     0 | D:5      | mopl the Octopode Delver began the quest for the Orb.
     0 | D:5      | Reached XP level 1. HP: 16/16 MP: 1/1
    67 | D:5      | Reached skill level 7 in Stealth
    67 | D:5      | Reached XP level 2. HP: 20/21 MP: 2/2
   100 | D:5      | Reached XP level 3. HP: 22/26 MP: 3/3
   145 | D:4      | Found Bosh's Jewellery Shop.
   386 | D:4      | Noticed Sigmund
   452 | D:4      | Noticed a scorpion
   571 | D:3      | Found a runed translucent door.
   571 | D:3      | Noticed Crazy Yiuf
   573 | D:3      | Slain by Crazy Yiuf

Illustrated notes

Levels and vault maps discovered:
D:3:      layout_loops_ring, minivault_26, uniq_natasha, uniq_crazy_yiuf_cottage
D:4:      layout_basic, serial_shops, shop, nicolae_shop_stone, shop,
          uniq_sigmund, uniq_blork_the_orc
D:5:      layout_basic, uniq_edmund

Skill      XL: |  1 |
---------------+----+-----
Stealth        | 7 |  7.6
Fighting       | |  3.2
Short Blades   | |  0.2
Long Blades    | |  2.4
Dodging        | |  2.1

Action                   || total
-------------------------++-------
Melee: Long sword        ||    20
       Constrict         ||     9
       Tentacles         ||     3
 Stab: Sleeping          ||     5
Armor: Skin              ||     1
Dodge: Dodged            ||     8
Block: Tower shield      ||     1
       Rpst.: Long sword ||     3
